 Dungeon Crawl Stone Soup version 0.14-a0-2746-g43b4f9c (webtiles) character file.

12797 Vidiiot the Bludgeoner (level 11, -5/69 HPs)
             Began as a Lava Orc Arcane Marksman on Feb 22, 2014.
             Was an Elder of Beogh (penitent).
             Shot with a bolt by Olfik (19 damage)
             ... created by the wrath of Beogh
             ... on Level 1 of the Lair of Beasts.
             The game lasted 01:05:35 (13113 turns).

Vidiiot the Bludgeoner (Lava Orc Arcane Marksman)  Turns: 13113, Time: 01:05:36

HP  -5/69        AC 22     Str 26      XL: 11   Next: 60%
MP  14/14        EV 12     Int 13      God: *Beogh
Gold 476         SH  0     Dex 18      Spells:  1 memorised, 11 levels left

rFire  + + +     SeeInvis .     a - +7,+6 whip "Ladizel" {venom, +Rage +Fly rN+ Str+2}
rCold  . . .     Clarity  .     n - +0 orc plate armour
rNeg   + . .     Conserve .     (no shield)
rPois  .         rCorr    .     (no helmet)
rElec  .         rRot     .     z - +0 cloak
SustAb . .       Spirit   .     (no gloves)
rMut   .         Warding  .     u - +1 pair of boots
Saprov + . .     Stasis   .     (no amulet)
MR     .....                    (no ring)
                                (no ring)

@: mighty, agile, not resistant to hostile enchantments, extremely unstealthy
A: hooves 1, yellow scales 1, blurry vision 1, cold resistance 1, conserve
scrolls, frail 1, saprovore 1, strong 2
a: Renounce Religion, Evoke Berserk Rage, Evoke Flight


You were on level 1 of the Lair of Beasts.
You worshipped Beogh.
Beogh was demanding penance.
You were not hungry.

You visited 3 branches of the dungeon, and saw 16 of its levels.
You also visited: Bailey.

You collected 1226 gold pieces.
You spent 750 gold pieces at shops.

Inventory:

Hand weapons
 a - the +7,+6 whip "Ladizel" (weapon) {venom, +Rage +Fly rN+ Str+2}
   (You bought it in a shop on level 4 of the Dungeon)

   It poisons the flesh of those it strikes.
   It affects your strength (+2).
   It protects you from negative energy.
   It lets you fly.
   It lets you go berserk.
 b - the +6 blowgun "Pyejyhoh" {speed, rC-, unknown}
   (You bought it in a shop on level 4 of the Orcish Mines)

   Attacks with this weapon are significantly faster.
   It makes you vulnerable to cold.
 g - a +4,+2 trident of venom
Missiles
 s - 6 tomahawks (quivered)
 t - 4 steel javelins
 v - 12 bolts
Armour
 n - a +0 orcish plate armour (worn)
 u - a +1 pair of boots (worn)
 z - a +0 cloak (worn)
 F - a +2 orcish ring mail
 K - a +0 shield
Magical devices
 c - a wand of fireball (5)
 j - a wand of flame (17)
 M - a wand of lightning (3)
 P - a wand of flame (3)
Comestibles
 l - 13 bread rations
Scrolls
 f - a scroll of recharging
 i - 2 scrolls of enchant weapon I
 k - a scroll of curse jewellery {unknown}
 p - a scroll of curse armour
 q - 6 scrolls of remove curse
 r - 2 scrolls of fog
 w - 2 scrolls of blinking
 x - 2 scrolls of random uselessness
 y - 3 scrolls of magic mapping
Jewellery
 B - an uncursed ring of protection from cold
Potions
 h - 6 potions of curing
 o - 3 potions of speed
 C - 3 potions of restore abilities
 D - a potion of poison
 L - a potion of brilliance
Books
 d - a book of Debilitation

   Spells                             Type                      Level
   *Corona                            Hexes                        1
   Slow                               Hexes                        2
   Inner Flame                        Hexes/Fire                   3
   Enslavement                        Hexes                        4
   Cause Fear                         Hexes                        4
   Leda's Liquefaction                Hexes/Earth                  4


   Skills:
 - Level 1.2 Fighting
 + Level 15.0 Maces & Flails
   Level 2.7 Crossbows
 - Level 12.0 Armour
 + Level 2.3 Dodging
 - Level 1.0 Spellcasting
 - Level 3.0 Hexes


You had 11 spell levels left.
You knew the following spells:

 Your Spells              Type           Power        Failure   Level  Hunger
a - Corona                Hex            #......      43%         1    ##.....


Dungeon Overview and Level Annotations

Branches:
Dungeon (11/16)            Temple (0/1) D:5             Orc (4/4) D:10
    Elf (0/3) Orc:4          Lair (1/8) D:9

Altars:
Okawaru
Sif Muna
Vehumet

Shops:
D:4 *   Orc:4 *(!(

Annotations:
D:3 exclusion: 2 downstairs
D:5 exclusions: 2 downstairs and upstairs
D:7 exclusion: downstairs
D:9 exclusion: downstairs
D:10 exclusion: downstairs
Orc:2 exclusion: downstairs


Innate Abilities, Weirdness & Mutations

You have stony skin.
Your flesh is almost immune to the effects of heat.
Your fire spells are more powerful.
Your flesh is vulnerable to cold.
Your heat harms attackers.
You bathe your surroundings in blazing heat.
You are too hot to use scrolls.
You are very good at protecting items from fire.
You can tolerate rotten meat.
You have large cloven feet.
You are partially covered in yellow scales (AC +2).
Your vision is a little blurry.
Your flesh is cold resistant.
You are frail (-10% HP).
Your muscles are very strong. (Str +4)


Message History

Your stony skin melts.
You whack the eight-headed hydra! You kick the eight-headed hydra!
The eight-headed hydra is severely wounded.
You thrash the eight-headed hydra!! You kick the eight-headed hydra.
You kill the eight-headed hydra!
Beogh accepts your kill.
Your Maces & Flails skill increases to level 15!
Your Dodging skill increases to level 2!
Beogh sends forth an army of orcs.
An orc, 2 orc warriors and an orc knight come into view.
The orc warrior shouts!
The orc shouts!
You see here a hydra corpse.
You're getting fired up.
Olfik roars a battle-cry!
The orc warriors go into a battle-frenzy!
Olfik unwields an uncursed orcish war axe.
Olfik wields an orcish crossbow.
Olfik shoots a bolt.
The bolt hits you!
The bolt disappears in a puff of smoke!
Olfik shoots a bolt.
The bolt hits you!
You die...

##+P ##...######
####.+.###P#.##
##..?..........#
#f.............#
#.............#
+.............#
#.............##
#.........@....#
#.....?.......##
#?#####..##+#f#
##....%.....# #
##+P#o##f.#.#
#....o.....##
#....o.....#
#..........P#
+...........#


You could see Olfik the orc knight.

Vanquished Creatures
  A hydra (Lair:1)
  Urug (Orc:2)
  An orc high priest (Orc:4)
  A hill giant (D:10)
  Pikel (D:6)
  A cyclops (Orc:2)
  3 orc knights
  Psyche (Orc:2)
  A spriggan (D:7)
  A wyvern (D:9)
  Eustachio (D:4)
  A wraith (D:11)
  2 hippogriffs
  2 yaks
  Edmund (Orc:1)
  6 orc warriors
  8 ogres
  2 black bears (D:8)
  A slave (D:6)
  2 phantoms
  A centaur (D:7)
  A sky beast (D:8)
  A water moccasin (D:8)
  A big kobold (D:9)
  7 giant frogs
  4 wargs
  Blork the orc (D:8)
  A yak zombie (D:9)
  A giant slug (Lair:1)
  A gnoll sergeant (D:10)
  A giant frog zombie (D:10)
  7 crimson imps
  A centaur zombie (D:9)
  A yellow wasp zombie (D:9)
  4 jellies
  5 hounds
  A centaur skeleton (D:10)
  15 orc wizards
  2 iguanas
  A water moccasin skeleton (D:10)
  A killer bee zombie (D:4)
  9 orc priests
  10 worker ants
  A worker ant zombie (D:7)
  8 adders
  A giant centipede (D:8)
  A shadow imp (D:4)
  A worm (D:4)
  A giant mite (D:3)
  An ufetubus (D:4)
  An orc skeleton (D:4)
  3 giant eyeballs
  3 giant geckos
  An ooze (D:6)
  53 orcs
  A bat zombie (D:6)
  4 giant cockroaches
  9 gnolls
  14 goblins
  A grey rat (D:4)
  10 hobgoblins
  14 kobolds
  5 quokkas
  13 bats
  5 giant newts
  2 hobgoblin skeletons
  10 jackals
  2 quokka zombies
  14 rats
  2 ballistomycetes (D:8)
296 creatures vanquished.

Vanquished Creatures (collateral kills)
  3 orc high priests (Orc:4)
  A hill giant (D:11)
  An orc sorcerer (Orc:4)
  An orange demon (Orc:4)
  A hellwing (Orc:4)
  11 orc warriors
  3 wargs (Orc:3)
  8 orc priests
  10 orc wizards
  24 orcs
  3 hobgoblins
  2 goblins
68 creatures vanquished.

Vanquished Creatures (others)
  3 orc warriors (Orc:3)
  A necrophage (D:6)
  5 orc wizards
  7 orc priests
  36 orcs
  A giant spore (D:8)
  A kobold (D:9)
  A quokka (D:6)
  A rat (D:6)
56 creatures vanquished.

Grand Total: 420 creatures vanquished

Notes
Turn   | Place    | Note
--------------------------------------------------------------
     0 | D:1      | Vidiiot, the Lava Orc Arcane Marksman, began the quest for the Orb.
     0 | D:1      | Reached XP level 1. HP: 16/16 MP: 2/2
   189 | D:1      | Reached XP level 2. HP: 21/23 MP: 3/3
   445 | D:3      | Reached XP level 3. HP: 25/28 MP: 4/4
   469 | D:3      | Reached skill level 1 in Maces & Flails
   501 | D:3      | Found a radiant altar of Vehumet.
   881 | D:3      | Reached XP level 4. HP: 28/35 MP: 5/5
   974 | D:4      | Reached skill level 4 in Maces & Flails
  1190 | D:4      | Reached XP level 5. HP: 33/40 MP: 7/7
  1271 | D:4      | Noticed Eustachio
  1289 | D:4      | Killed Eustachio
  1289 | D:4      | Reached skill level 5 in Maces & Flails
  1289 | D:4      | Reached XP level 6. HP: 15/47 MP: 8/8
  1414 | D:4      | Reached skill level 6 in Maces & Flails
  1580 | D:5      | Entered Level 5 of the Dungeon
  2327 | D:4      | Reached skill level 1 in Armour
  2337 | D:4      | Found Qael Gho's Assorted Antiques.
  2450 | D:3      | Reached skill level 7 in Maces & Flails
  2510 | D:4      | Reached XP level 7. HP: 42/52 MP: 9/9
  2896 | D:6      | Noticed Pikel
  2931 | D:6      | Killed Pikel
  2931 | D:6      | Reached skill level 8 in Maces & Flails
  2931 | D:6      | Reached XP level 8. HP: 34/59 MP: 10/10
  3122 | D:5      | Reached skill level 5 in Armour
  3128 | D:5      | Found a staircase to the Ecumenical Temple.
  3218 | D:5      | Paralysed by a giant eyeball for 2 turns
  3274 | D:6      | Reached skill level 9 in Maces & Flails
  3949 | D:7      | Found a flagged portal.
  3955 | Bailey   | Entered a bailey
  4105 | D:6      | Found a deep blue altar of Sif Muna.
  4337 | D:7      | Noticed a spriggan baker
  4341 | D:7      | Became a worshipper of Beogh the Brigand
  4343 | D:7      | Killed a spriggan baker
  4343 | D:7      | Reached skill level 10 in Maces & Flails
  4500 | D:7      | Gained mutation: You are frail (-10% HP). [potion of mutation]
  4500 | D:7      | Gained mutation: Your flesh is cold resistant. [potion of mutation]
  4500 | D:7      | Gained mutation: Your muscles are strong. (Str +2) [potion of mutation]
  4501 | D:7      | Gained mutation: Your vision is a little blurry. [potion of mutation]
  4501 | D:7      | Gained mutation: You are partially covered in yellow scales (AC +2). [potion of mutation]
  4501 | D:7      | Gained mutation: Your muscles are very strong. (Str +4) [potion of mutation]
  4549 | D:7      | Reached skill level 11 in Maces & Flails
  4637 | D:7      | Reached XP level 9. HP: 47/57 MP: 11/11
  4908 | D:8      | Paralysed by a giant eyeball for 2 turns
  5007 | D:8      | Acquired Beogh's first power
  5141 | D:8      | Noticed Blork the orc
  5356 | D:8      | Killed Blork the orc
  5646 | D:8      | Gained mutation: You have large cloven feet. [potion of beneficial mutation]
  5766 | D:9      | Reached skill level 12 in Maces & Flails
  5963 | D:9      | Found a staircase to the Lair.
  5973 | Lair:1   | Entered Level 1 of the Lair of Beasts
  5977 | Lair:1   | Noticed an eight-headed hydra
  6526 | D:10     | Entered Level 10 of the Dungeon
  6623 | D:10     | Noticed a hill giant
  6706 | D:9      | Reached XP level 10. HP: 26/63 MP: 13/13
  6955 | D:11     | Acquired Beogh's second power
  7117 | D:10     | Found a staircase to the Orcish Mines.
  7271 | D:7      | Paralysed by a giant eyeball for 2 turns
  7521 | D:4      | Bought a bloodstained whip for 180 gold pieces
  7521 | D:4      | Bought a potion of curing for 48 gold pieces
  7522 | D:4      | Identified the +7,+6 whip "Ladizel" {venom, +Rage +Fly rN+ Str+2} (You bought it in a shop on level 4 of the Dungeon)
  7842 | Orc:1    | Entered Level 1 of the Orcish Mines
  8105 | Orc:1    | Noticed Edmund
  8150 | D:10     | Killed a hill giant
  8150 | D:10     | Reached skill level 13 in Maces & Flails
  8332 | Orc:1    | Killed Edmund
  8487 | Orc:2    | Noticed Psyche
  8498 | Orc:2    | Killed Psyche
  8714 | Orc:2    | Reached skill level 10 in Armour
  8726 | Orc:2    | Acquired Beogh's third power
  8982 | Orc:3    | Noticed an orc warlord
  9068 | Orc:1    | Found an iron altar of Okawaru.
  9215 | Orc:2    | Noticed Urug
  9217 | Orc:2    | Found a radiant altar of Vehumet.
  9218 | Orc:2    | Noticed an orc knight
  9458 | Orc:2    | Killed Urug
  9496 | Orc:2    | an orc knight (ally) was killed
  9718 | Orc:3    | Noticed an orc knight
  9734 | Orc:3    | an orc knight (ally) was killed
  9734 | Orc:3    | HP: 3/63 [orc warrior/uncursed orcish halberd[an orc knight] (21)]
 10066 | Orc:2    | Noticed a cyclops
 10421 | Orc:2    | Killed a cyclops
 10687 | Orc:2    | Noticed an orc knight
 10709 | Orc:2    | Killed an orc knight
 10709 | Orc:2    | Reached skill level 14 in Maces & Flails
 10709 | Orc:2    | Reached XP level 11. HP: 53/69 MP: 14/14
 11085 | Orc:3    | Gained Orkwin as an ally
 11231 | Orc:4    | Entered Level 4 of the Orcish Mines
 11277 | Orc:4    | Found a staircase to the Elven Halls.
 11603 | Orc:4    | Acquired Beogh's fourth power
 11603 | Orc:4    | Gained Wulfoc as an ally
 11679 | Orc:4    | Noticed an orc high priest
 11686 | Orc:4    | Killed an orc high priest
 11848 | Orc:4    | Found Saoj's Distillery.
 11848 | Orc:4    | Found Pnazo's Weapon Shop.
 11848 | Orc:4    | Found Qunew's Antique Weapon Boutique.
 11848 | Orc:4    | Noticed an orc high priest
 11865 | Orc:4    | Noticed a sun demon
 11879 | Orc:4    | Killed an orc high priest
 11881 | Orc:4    | Noticed an orc high priest
 11882 | Orc:4    | Noticed an orc high priest
 11883 | Orc:4    | Found Mioqipt's General Store.
 11885 | Orc:4    | Your ally Wulfoc died
 11960 | Orc:4    | Gained Argrim as an ally
 12180 | Orc:4    | Bought a scroll of blinking for 88 gold pieces
 12184 | Orc:4    | Bought a faintly glowing blowgun for 210 gold pieces
 12186 | Orc:4    | Bought a scroll of fog for 32 gold pieces
 12186 | Orc:4    | Bought a scroll of recharging for 88 gold pieces
 12186 | Orc:4    | Bought a potion of might for 40 gold pieces
 12187 | Orc:4    | Bought a bread ration for 64 gold pieces
 12221 | Orc:4    | Killed an orc high priest
 12233 | Orc:4    | Killed an orc high priest
 12325 | Orc:1    | Was placed under penance by Beogh
 12485 | D:11     | Noticed a hill giant
 12503 | D:11     | Killed a hill giant
 13108 | Lair:1   | Killed an eight-headed hydra
 13108 | Lair:1   | Reached skill level 15 in Maces & Flails
 13113 | Lair:1   | Shot with a bolt by Olfik

Action                   |  1- 3 |  4- 6 |  7- 9 | 10-12 || total
-------------------------+-------+-------+-------+-------++-------
Melee: Whip              |    18 |   139 |     2 |   324 ||   483
       Flail             |       |     4 |   188 |       ||   192
       Mace              |       |       |   154 |    88 ||   242
 Fire: Crossbow          |    84 |    71 |    86 |     3 ||   244
Throw: Tomahawk          |       |     3 |     2 |       ||     5
Invok: Convert to Beogh  |       |       |     1 |       ||     1
       Recall Orcish Fol |       |       |       |     8 ||     8
Evoke: Wand              |       |       |     4 |     8 ||    12
  Use: Scroll            |       |       |    21 |     1 ||    22
       Potion            |       |       |     5 |     4 ||     9
 Stab: Distracted        |       |       |       |     2 ||     2
       Confused          |       |       |       |     1 ||     1
